 Dungeon Crawl Stone Soup version 0.17-a0-2108-g65e8068 (webtiles) character file.

2127458 Hanibal the Impregnable (level 27, 177/177 HPs)
             Began as a Hill Orc Fighter on Oct 19, 2015.
             Was the Champion of Cheibriados.
             Escaped with the Orb
             ... and 4 runes!
             The game lasted 06:41:49 (87133 turns).

Hanibal the Impregnable (Hill Orc Fighter)         Turns: 87133, Time: 06:41:50

Health: 177/177    AC: 53    Str: 42    XL:     27
Magic:  21/26      EV: 35    Int: 22    God:    Cheibriados [******]
Gold:   5648       SH: 23    Dex: 37    Spells: 8 memorised, 9 levels left

rFire  + + .     SeeInvis +     Z - +9 demon whip (elec)
rCold  + . .     Rnd*Rage +     y - +7 crystal plate armour
rNeg   + . .     SustAt   +     W - +2 shield
rPois  +         Gourm    .     t - +2 helmet {SInv}
rElec  +         Spirit   .     L - +2 cloak {rPois}
rCorr  +         Warding  +     h - +2 pair of gloves {Str+3}
rMut   .         Stasis   .     n - +2 pair of boots
MR     +++..                    H - macabre finger necklace {Ward rN+}
Stlth  ..........               r - ring of protection from fire
                                C - +6 ring of protection
                                V - ring of Xom's Outrage {SustAt rPois MR+ Int-3}

@: mighty, agile, resistant, flying, regenerating (expiring), repel missiles,
very slow, extremely resistant to hostile enchantments, extremely unstealthy
A: thin skeletal structure 1, berserk 1, clumsy 1, deformed body, deterioration
1, frail 3, low mp 2, regeneration 1, shaggy fur 1, weak 2, subdued magic 2,
MP-powered wands
a: Bend Time, Temporal Distortion, Slouch, Step From Time, Renounce Religion
0: Orb of Zot
}: 4/15 runes: serpentine, barnacled, slimy, silver


You escaped.
You worshipped Cheibriados.
Cheibriados was exalted by your worship.
You were not hungry.

You visited 11 branches of the dungeon, and saw 60 of its levels.
You visited the Abyss 1 time.
You also visited: Ossuary.

You collected 8550 gold pieces.
You spent 2902 gold pieces at shops.

Inventory:

Hand Weapons
 k - a +8 broad axe of freezing
 Z - a +9 demon whip of electrocution (weapon)
Armour
 h - a +2 pair of gloves of strength (worn)
 n - a +2 pair of boots (worn)
 t - a +2 helmet of see invisible (worn)
 y - a +7 crystal plate armour (worn)
 L - a +2 cloak of poison resistance (worn)
 W - a +2 shield (worn)
Rods
 U - a +5 rod of clouds (13/13)
   (You found it on level 8 of the Lair of Beasts)
Jewellery
 r - a ring of protection from fire (right hand)
 v - an uncursed ring of protection from cold
 x - a +5 ring of protection
 C - a +6 ring of protection (left hand)
 F - an uncursed ring of flight
 H - the macabre finger necklace (around neck) {Ward rN+}
   (You found it on level 6 of the Pits of Slime)

   [amulet of warding]

   It may prevent the melee attacks of summoned creatures.
   It protects you from negative energy.
 K - an uncursed amulet of resist corrosion
 V - the ring of Xom's Outrage (on amulet) {SustAt rPois MR+ Int-3}
   (You took it off a deep elf summoner on level 3 of the Elven Halls)

   [ring of sustain attributes]

   It sustains your strength, intelligence and dexterity.
   It affects your intelligence (-3).
   It protects you from poison.
   It affects your resistance to hostile enchantments.
Wands
 c - a wand of disintegration (13)
 d - a wand of cold (9)
 f - a wand of digging (5)
 i - a wand of teleportation (4)
 l - a wand of draining (13)
 p - a wand of heal wounds (1)
 q - a wand of fire (5)
 s - a wand of polymorph (12)
 w - a wand of polymorph (12)
 A - a wand of hasting (2)
 Y - a wand of invisibility (4)
Scrolls
 g - 4 scrolls of summoning
 j - 6 scrolls of fear
 m - 20 scrolls of identify
 o - 2 scrolls of magic mapping
 u - 22 scrolls of remove curse
 B - 2 scrolls of fog
 D - a scroll of silence
 I - 2 scrolls of amnesia
 S - 9 scrolls of recharging
Potions
 a - 3 potions of might
 b - 7 potions of flight
 E - a potion of magic
 G - 17 potions of curing
 T - 4 potions of agility
Comestibles
 e - 12 bread rations
 z - a meat ration
 J - 22 royal jellies
 M - 49 fruits


   Skills:
 - Level 22.1 Fighting
 - Level 22.1(26.9) Axes
 + Level 23.3(25.4) Maces & Flails
 + Level 24.9 Armour
 - Level 18.0 Dodging
 + Level 21.4 Shields
 - Level 6.5 Spellcasting
 - Level 10.3 Charms
 - Level 8.7 Fire Magic
 - Level 13.2 Invocations


You had 9 spell levels left.
You knew the following spells:

 Your Spells              Type           Power        Failure   Level  Hunger
a - Blink                 Tloc           N/A          24%         2    None
b - Repel Missiles        Chrm/Air       ##....       1%          2    None
c - Regeneration          Chrm/Necr      ##........   2%          3    #......
d - Summon Butterflies    Summ           #.......     11%         1    None
e - Fire Storm            Conj/Fire      ##........   100%        9    #######
f - Delayed Fireball      Conj/Fire      N/A          100%        7    #######
g - Bolt of Fire          Conj/Fire      ##........   100%        6    ######.
h - Fireball              Conj/Fire      ##........   86%         5    #####..


Dungeon Overview and Level Annotations

Branches:
Dungeon (15/15)            Temple (1/1) D:6            Lair (8/8) D:8
 Shoals (4/4) Lair:3        Snake (4/4) Lair:6        Slime (6/6) Lair:8
    Orc (4/4) D:10            Elf (3/3) Orc:3        Vaults (5/5) D:13
  Crypt (0/3) Vaults:2     Depths (5/5) D:15            Zot (5/5) Depths:5

Altars:
Ashenzari
Cheibriados
Dithmenos
Elyvilon
Fedhas
Gozag
Makhleb
Okawaru
Qazlal
Ru
Trog
Yredelemnul
Zin
The Shining One
Beogh
Jiyva
Lugonu

Shops:
D:4 *   D:7 [   D:9 [   D:14 [   D:15 (   Orc:3 [   Orc:4 :[?*(   Vaults:2 }
Depths:2 *

Portals:
Hell: Depths:1 Depths:2 Depths:3 Depths:4 Depths:5
Abyss: Depths:1 Depths:4 Depths:5
Pandemonium: Orc:4 Depths:1 Depths:3
Ziggurat: Depths:4

Annotations:
Slime:5 Adamkad1's ghost, master FoFi


Innate Abilities, Weirdness & Mutations

You have a somewhat thin skeletal structure (Dex +2, Stealth).
You tend to lose your temper in combat.
You are clumsy. (Dex -2)
Armour fits poorly on your strangely shaped body.
Your body sometimes deteriorates upon taking damage.
You are extremely frail (-30% HP).
Your magical capacity is very low (-20% MP).
Your natural rate of healing is unusually fast.
You are covered in fur (AC +1).
You are very weak. (Str -4)
Your spells are easier to cast, but less powerful.
You expend magic power (3 MP) to strengthen your wands.


Message History

Casting: Regeneration
Confirm with . or Enter, or press ? or * to list all spells.
You feel protected from missiles.
Casting: Repel Missiles
Confirm with . or Enter, or press ? or * to list all spells.
Your skin crawls.
Drink which item? (? for menu, Esc to quit)
You feel very mighty all of a sudden.
Drink which item? (? for menu, Esc to quit)
You feel very buoyant.
You fly up into the air.
Your skin is crawling a little less now.
Drink which item? (? for menu, Esc to quit)
You feel agile all of a sudden.
Drink which item? (? for menu, Esc to quit)
You feel protected.
Use which ability?
Okay, then.
You can't go down here!
You have escaped!

#≈...÷.§# #........###.#...##.#
≈≈......###........'...#....#.#
≈........##........#####.##.#.#
..§......##........+......#>#.#
..§≈≈....##........#####..#.#.###
..§≈.....##........# #..........
.......################...#.#.###
.......####...#...#...#.(...#....
..........'.....@.....#.#.#.#.###
#.........#...#...#...#...#.#.#..
#.........##.###.###.##.....#.##.
..........##.# #.# #.##...#.#....
..........##.###.###.##.(...##.##
..........#...#...#...#..#.....##
###.....###...#...#...#.##.###.#.
#.....# #...#...#...#....###.#.
#.....# ##.###.###.##.#####....


There were no monsters in sight!

Vanquished Creatures
  the royal jelly (Slime:6)
  7 orbs of fire
  Mennas (Vaults:2)
  2 juggernauts
  6 ancient liches
  The ghost of Arkorax the Slayer, a veteran DDGl of Makhleb (Vaults:3)
  2 pandemonium lords
  Vashnia (Snake:2)
  4 Killer Klowns
  3 curse toes
  14 golden dragons
  Nikola (Shoals:1)
  A bone dragon (Abyss:1)
  Jorgrun (Depths:5)
  2 Brimstone Fiends
  2 electric golems (Zot:5)
  A hellephant (Zot:4)
  24 Orb Guardians
  8 liches
  16 tentacled monstrosities
  8 titans
  2 quicksilver dragons (Depths:5)
  6 deep elf blademasters (Elf:3)
  8 sphinxes
  4 deep elf master archers (Elf:3)
  3 octopode crushers
  12 death cobs
  A kraken (Shoals:4)
  11 acid blobs
  Gastronok (Lair:2)
  A tentacled starspawn (Abyss:1)
  Frances (Elf:1)
  9 shadow dragons
  10 greater nagas
  4 draconian monks
  14 storm dragons
  4 tengu reavers
  Roxanne (Snake:1)
  12 fire giants
  A daeva (Abyss:1)
  Ilsuiw (Shoals:3)
  7 azure jellies
  14 frost giants
  Wiglaf (Snake:3)
  3 draconian knights
  10 deep elf sorcerers
  18 vault wardens
  5 draconian scorchers
  An iron dragon (Depths:4)
  Aizul (Snake:1)
  A draconian zealot (Zot:4)
  A ghoul (Vaults:2)
  4 draconian shifters
  5 draconian annihilators
  3 spriggan defenders
  21 ironheart preservers
  A stone giant (shapeshifter) (Depths:2)
  26 stone giants
  A draconian caller (Zot:3)
  4 vampire knights
  8 very ugly things
  7 green draconians
  6 salamander stormcallers
  6 deep elf demonologists
  6 black draconians
  A dire elephant (Zot:4)
  11 deep elf annihilators
  5 purple draconians
  6 mottled draconians
  4 white draconians
  10 yellow draconians
  4 red draconians
  7 deep elf death magi
  10 ettins
  11 merfolk javelineers
  2 jiangshi (Depths:2)
  13 merfolk impalers
  15 fire dragons
  Josephine (Snake:1)
  2 green deaths
  3 deep elf high priests
  4 death oozes
  34 vault guards
  17 great orbs of eyes
  A great orb of eyes (shapeshifter) (Depths:2)
  16 yaktaur captains
  13 hydras
  15 ogre magi
  5 rakshasas
  22 ice dragons
  20 naga warriors
  An ice dragon (shapeshifter) (Depths:2)
  A hell beast (Depths:5)
  12 centaur warriors
  6 entropy weavers
  6 spriggan air magi
  6 merfolk avatars
  Erica (D:11)
  6 merfolk aquamancers
  16 dancing weapons (Elf:2)
  14 anacondas
  A death yak (shapeshifter) (Vaults:5)
  2 vampire magi
  21 deep troll shamans
  3 satyrs
  A satyr (shapeshifter) (Depths:2)
  7 shock serpents
  An alligator (shapeshifter) (Elf:3)
  7 orc high priests
  9 tengu warriors
  14 death yaks
  9 deep troll earth magi
  2 shock serpents (shapeshifter)
  11 naga sharpshooters
  Urug (D:10)
  5 spriggan berserkers
  A soul eater (Vaults:2)
  6 iron trolls
  2 ice devils
  2 wretched stars (Abyss:1)
  2 salamander mystics
  A fire crab (Lair:6)
  17 deep elf knights
  A hell knight (Vaults:4)
  10 skeletal warriors
  4 flayed ghosts
  47 deep trolls
  A gelid demonspawn (Orc:4)
  A swamp dragon (Lair:7)
  25 sea snakes
  14 deep elf summoners
  A deep troll (shapeshifter) (Vaults:1)
  9 small abominations
  5 wizards
  7 giant orange brains
  11 ironbrand convokers
  A putrid demonspawn (Orc:4)
  A swamp dragon (shapeshifter) (Vaults:3)
  3 unseen horrors
  An obsidian statue (Depths:2)
  5 naga ritualists
  Pikel (D:5)
  7 phantasmal warriors
  A harpy (shapeshifter) (Vaults:3)
  2 torturous demonspawn
  A wolf spider zombie (D:15)
  16 orc knights
  18 harpies
  3 large abominations
  7 orc sorcerers
  A shining eye (shapeshifter) (Depths:3)
  14 mana vipers
  A necromancer (D:13)
  9 hill giants
  2 lindwurms
  40 ugly things
  16 deep elf conjurers
  2 wolf spiders (Vaults:3)
  6 hornets
  16 griffons
  4 shining eyes
  12 cyclopes
  A water nymph (shapeshifter) (Depths:2)
  2 moths of wrath (shapeshifter) (Depths:2)
  8 manticores
  32 moths of wrath
  A cyclops (shapeshifter) (Vaults:3)
  10 salamanders
  3 water nymphs
  19 naga magi
  2 black mambas (shapeshifter)
  22 fauns
  An octopode (shapeshifter) (Depths:2)
  24 elephants
  A stone giant skeleton (Abyss:1)
  11 sirens
  A guardian serpent (shapeshifter) (D:15)
  3 eyes of devastation
  20 vault sentinels
  7 guardian serpents
  A rust devil (Orc:4)
  2 centaur zombies
  A sixfirhy (Depths:5)
  5 torpor snails
  70 yaktaurs
  4 gargoyles
  36 black mambas
  14 spiny frogs
  10 komodo dragons
  An orange demon (Orc:4)
  A fire drake (shapeshifter) (Depths:2)
  A komodo dragon (shapeshifter) (Depths:2)
  2 yaktaurs (shapeshifter)
  An ancient zyme (Abyss:1)
  A red devil (Depths:1)
  7 freezing wraiths
  A tormentor (D:4)
  2 fire drakes
  10 polar bears
  52 merfolk
  3 jumping spiders
  Grinder (D:5)
  12 deep elf priests
  18 blink frogs
  Prince Ribbit (D:5)
  8 trolls
  32 two-headed ogres
  4 blue devils
  A giant leech (Lair:8)
  6 boulder beetles
  A raiju (Lair:8)
  109 slime creatures
  A queen bee (Lair:4)
  10 snapping turtles
  3 wind drakes
  4 wraiths
  67 yaks
  30 deep elf magi
  3 spriggans
  3 hogs (Snake:1)
  A trapdoor spider (D:15)
  Sigmund (D:3)
  10 redbacks
  6 air elementals
  2 shadows
  A vampire (D:13)
  30 water elementals
  A fire bat (shapeshifter) (Vaults:3)
  4 wyverns
  3 ynoxinuls
  A steam dragon (shapeshifter) (Depths:4)
  40 deep elf fighters
  Eustachio (D:4)
  A salamander simulacrum (Vaults:2)
  24 vampire mosquitoes
  4 chaos spawn
  5 hungry ghosts
  A spriggan (shapeshifter) (Depths:2)
  6 basilisks
  27 humans
  26 hippogriffs
  14 golden eyes
  2 steam dragons
  A centaur simulacrum (D:15)
  20 wolves
  A soldier ant (D:11)
  14 wargs
  4 mottled dragons
  4 hell hounds (Lair:8)
  16 porcupines
  A naga (shapeshifter) (Depths:2)
  A soldier ant (shapeshifter) (Depths:2)
  7 ice beasts
  18 water moccasins
  71 nagas
  A hornet simulacrum (Vaults:1)
  3 wasps
  A porcupine (shapeshifter) (Depths:2)
  5 sky beasts
  58 orc warriors
  A black bear (shapeshifter) (Depths:3)
  16 black bears
  3 eyes of draining
  2 phantoms (D:4)
  2 slaves (D:5)
  An ogre (shapeshifter) (Vaults:5)
  6 boggarts
  29 centaurs
  A boggart (shapeshifter) (Depths:2)
  17 crocodiles
  57 ogres
  24 giant frogs
  2 big kobolds
  A gnoll sergeant (D:6)
  A wyvern skeleton (D:12)
  17 killer bees
  4 scorpions
  An electric eel (D:10)
  3 wights (D:10)
  A lava snake (D:10)
  2 giant frog zombies
  6 crimson imps
  22 hounds
  44 orc priests
  2 quasits
  7 centaur skeletons
  3 giant frog skeletons
  11 iguanas
  32 jellies
  A wasp zombie (D:11)
  2 gnoll shamans (D:6)
  An iguana (shapeshifter) (Elf:3)
  A killer bee zombie (D:8)
  7 worker ants
  40 orc wizards
  16 sheep
  14 mummies
  A hound skeleton (D:6)
  2 worker ant zombies (D:6)
  8 gnolls
  39 river rats
  9 adders
  4 shadow imps
  A white imp (Vaults:4)
  5 worms
  7 giant geckos
  237 orcs
  6 giant cockroaches
  10 goblins
  17 hobgoblins
  6 quokkas
  4 ball pythons
  17 bats
  A giant gecko zombie (D:6)
  3 giant newts
  4 gnoll skeletons (Ossuary)
  3 goblin skeletons (Ossuary)
  A hobgoblin zombie (D:4)
  20 jackals
  25 kobolds
  A kobold skeleton (Ossuary)
  An orc zombie (D:4)
  A quokka skeleton (D:5)
  12 rats
  11 rat skeletons (Ossuary)
  A butterfly (Lair:2)
  3 crawling corpses
  2 fire vortices
  21 fungi
  25 plants
  A starspawn tentacle (Abyss:1)
  4 tentacles (Shoals:4)
3201 creatures vanquished.

Vanquished Creatures (collateral kills)
  Kirke (Snake:1)
1 creature vanquished.

Vanquished Creatures (others)
  A golden dragon (Zot:3)
  2 fire giants
  An ironheart preserver (Vaults:5)
  A vault guard (Vaults:5)
  An ogre mage (Vaults:5)
  A sea snake (Shoals:1)
  An ironbrand convoker (Vaults:5)
  A phantasmal warrior (Vaults:5)
  A griffon (Shoals:2)
  A moth of wrath (Zot:5)
  A naga mage (Snake:3)
  2 deep elf magi
  3 humans (Snake:1)
  A deep elf fighter (Vaults:5)
  3 vampire mosquitoes (Vaults:2)
  An orc warrior (Elf:3)
  2 slaves (D:5)
  2 boggarts
  4 centaurs (Depths:1)
  2 ogres (Vaults:3)
  A giant frog skeleton (D:6)
  An iron imp (Zot:5)
  2 orc wizards (D:10)
  An orc (Vaults:5)
  A jackal zombie (D:5)
  A rat (D:2)
  10 fungi
  38 plants
  A starspawn tentacle (Abyss:1)
  6 starspawn tentacle segments (Abyss:1)
  5 tentacles (Shoals:4)
  416 tentacle segments (Shoals:4)
515 creatures vanquished.

Grand Total: 3717 creatures vanquished

Notes
Turn   | Place    | Note
--------------------------------------------------------------
     0 | D:1      | Hanibal the Hill Orc Fighter began the quest for the Orb.
     0 | D:1      | Reached XP level 1. HP: 19/19 MP: 1/1
   132 | D:1      | Reached XP level 2. HP: 26/26 MP: 2/2
   353 | D:1      | Reached XP level 3. HP: 31/31 MP: 3/3
   515 | D:1      | Reached skill level 4 in Shields
  1127 | D:2      | Found a stormy altar of Qazlal.
  1333 | D:2      | Reached XP level 4. HP: 40/40 MP: 4/4
  2016 | D:3      | Reached XP level 5. HP: 36/46 MP: 5/5
  2099 | D:3      | Noticed Sigmund
  2555 | D:3      | Killed Sigmund
  2555 | D:3      | Reached skill level 5 in Fighting
  2555 | D:3      | Reached skill level 5 in Armour
  2555 | D:3      | Reached XP level 6. HP: 54/56 MP: 6/6
  2826 | D:4      | Reached skill level 5 in Shields
  2912 | D:4      | Noticed a water moccasin
  2914 | D:4      | Reached skill level 5 in Axes
  2914 | D:4      | Reached XP level 7. HP: 26/61 MP: 7/7
  2920 | D:4      | Killed a water moccasin
  2937 | D:4      | Noticed Eustachio
  2981 | D:4      | Killed Eustachio
  2981 | D:4      | Reached skill level 6 in Fighting
  3290 | D:4      | Reached XP level 8. HP: 41/70 MP: 8/8
  3312 | D:4      | Found a sand-covered staircase.
  3328 | Ossuary  | Entered an ossuary
  3899 | D:4      | Found Teuj's Assorted Antiques.
  4452 | D:5      | Entered Level 5 of the Dungeon
  4732 | D:5      | You fall through a shaft!
  4739 | D:6      | Reached skill level 7 in Fighting
  4758 | D:6      | Found a staircase to the Ecumenical Temple.
  4767 | Temple   | Entered the Ecumenical Temple
  4780 | Temple   | Became a worshipper of Cheibriados the Contemplative
  5043 | D:6      | Found a glowing golden altar of the Shining One.
  5047 | D:6      | Found a basalt altar of Yredelemnul.
  5065 | D:6      | Noticed an angel
  5161 | D:6      | Found an opulent altar of Gozag.
  5192 | D:6      | Reached XP level 9. HP: 79/79 MP: 9/9
  5295 | D:6      | Reached * piety under Cheibriados
  5319 | D:6      | Reached skill level 8 in Axes
  6317 | D:5      | Noticed Pikel
  6340 | D:5      | Killed Pikel
  6340 | D:5      | Reached skill level 9 in Axes
  6498 | D:5      | Noticed Grinder
  6499 | D:5      | Noticed Prince Ribbit
  6503 | D:5      | Paralysed by Grinder for 6 turns
  6511 | D:5      | Was placed under penance by Cheibriados
  6515 | D:5      | Killed Grinder
  6525 | D:5      | Killed Prince Ribbit
  6525 | D:5      | Was forgiven by Cheibriados
  6650 | D:5      | Reached XP level 10. HP: 89/91 MP: 10/10
  6800 | D:7      | Found a bloodstained altar of Trog.
  6898 | D:7      | Reached ** piety under Cheibriados
  7148 | D:7      | Found Yphomaf's Armour Boutique.
  7260 | D:7      | Found a blossoming altar of Fedhas.
  7864 | D:8      | Found a staircase to the Lair.
  8009 | D:8      | Reached skill level 10 in Axes
  8213 | D:8      | Reached *** piety under Cheibriados
  8308 | D:8      | Found a sacrificial altar of Ru.
  8564 | D:9      | Found Zegg's Antique Armour Boutique.
  9159 | D:10     | Entered Level 10 of the Dungeon
  9176 | D:10     | Noticed a hill giant
  9196 | D:10     | Killed a hill giant
  9307 | D:10     | Reached **** piety under Cheibriados
  9307 | D:10     | Reached skill level 10 in Fighting
  9439 | D:10     | Reached skill level 11 in Axes
  9442 | D:10     | Reached XP level 11. HP: 87/100 MP: 11/11
  9551 | D:10     | Reached skill level 10 in Armour
  9617 | D:10     | Found a staircase to the Orcish Mines.
  9626 | D:10     | Reached ***** piety under Cheibriados
  9835 | D:10     | Noticed Urug
  9855 | D:10     | Killed Urug
  9855 | D:10     | Reached skill level 10 in Shields
 10180 | D:10     | Reached skill level 1 in Dodging
 10243 | D:10     | Noticed a hill giant
 10252 | D:10     | Killed a hill giant
 10676 | Lair:1   | Entered Level 1 of the Lair of Beasts
 10857 | Lair:1   | Reached skill level 12 in Axes
 11955 | Lair:2   | Noticed a seven-headed hydra
 11961 | Lair:2   | Killed a four-headed hydra
 11961 | Lair:2   | Reached XP level 12. HP: 98/111 MP: 12/12
 12176 | Lair:2   | Noticed Gastronok
 12189 | Lair:2   | Killed Gastronok
 12367 | Lair:2   | Reached ****** piety under Cheibriados
 12527 | Lair:2   | Reached skill level 13 in Axes
 12722 | Lair:3   | Noticed a seven-headed hydra
 12722 | Lair:3   | Noticed a six-headed hydra
 12730 | Lair:3   | Killed a one-headed hydra
 12730 | Lair:3   | Killed a two-headed hydra
 12744 | Lair:3   | Reached skill level 5 in Dodging
 12842 | Lair:3   | Reached XP level 13. HP: 119/119 MP: 13/13
 12993 | Lair:3   | Found a staircase to the Shoals.
 12998 | Lair:3   | Noticed a five-headed hydra
 13004 | Lair:3   | Killed a two-headed hydra
 13196 | Lair:3   | Reached skill level 14 in Axes
 14944 | Lair:6   | Reached skill level 15 in Axes
 15233 | Lair:6   | Reached XP level 14. HP: 130/130 MP: 14/14
 15234 | Lair:6   | Found a staircase to the Snake Pit.
 16214 | Lair:7   | Got a shimmering great mace
 16220 | Lair:7   | Identified the +5 great mace of Duek {crush, Dex+3} (You found it on level 7 of the Lair of Beasts)
 17529 | Lair:8   | Entered Level 8 of the Lair of Beasts
 17604 | Lair:8   | Got an ebony flail
 17664 | Lair:8   | Found a viscous altar of Jiyva.
 17664 | Lair:8   | Found a staircase to the Slime Pits.
 17868 | Lair:8   | Reached skill level 16 in Axes
 18121 | Lair:8   | Reached skill level 15 in Fighting
 18150 | Lair:8   | Reached XP level 15. HP: 115/141 MP: 15/15
 19700 | Lair:1   | Identified the +7 flail "Killer Bee's Regret" {drain, rPois Int+4} (You found it on level 8 of the Lair of Beasts)
 19704 | Lair:1   | Identified a +5 rod of clouds (13/13) (You found it on level 8 of the Lair of Beasts)
 19883 | D:10     | Noticed a hill giant
 19888 | D:10     | Killed a hill giant
 19929 | Orc:1    | Entered Level 1 of the Orcish Mines
 19969 | Orc:1    | Found a roughly hewn altar of Beogh.
 20421 | Orc:2    | Found a roughly hewn altar of Beogh.
 20761 | Orc:3    | Found a staircase to the Elven Halls.
 20903 | Orc:3    | Reached skill level 17 in Axes
 21022 | Orc:3    | Found Taekic's Antique Armour Boutique.
 21030 | Orc:3    | Bought a pair of embroidered boots for 103 gold pieces
 21040 | Orc:3    | Identified a +1 pair of boots of running (You bought it in a shop on level 3 of the Orcish Mines)
 21051 | Orc:3    | Found a roughly hewn altar of Beogh.
 21388 | Orc:4    | Entered Level 4 of the Orcish Mines
 21628 | Orc:4    | Found a burning altar of Makhleb.
 21823 | Orc:4    | Found Hyhucog's General Store.
 21825 | Orc:4    | Found Xocised's Magic Scroll Shop.
 21915 | Orc:4    | Bought a scroll of identify for 32 gold pieces
 21915 | Orc:4    | Bought a scroll of identify for 32 gold pieces
 21915 | Orc:4    | Bought a scroll of identify for 32 gold pieces
 21917 | Orc:4    | Bought a scroll of blinking for 135 gold pieces
 22333 | Orc:4    | Reached skill level 15 in Shields
 22839 | Orc:4    | Found Xuywnat's Antique Weapon Boutique.
 23036 | Orc:4    | Gained mutation: You can spit weak poison. [a neqoxec]
 23037 | Orc:4    | Reached skill level 10 in Dodging
 23037 | Orc:4    | Reached XP level 16. HP: 146/151 MP: 16/16
 23038 | Orc:4    | Gained mutation: Your body sometimes deteriorates upon taking damage. [a neqoxec]
 23051 | Orc:4    | Found Akenev's Book Emporium.
 23051 | Orc:4    | Found a one-way gate leading to the halls of Pandemonium.
 23051 | Orc:4    | Found Toq Near's Antique Armour Shoppe.
 23067 | Orc:4    | Bought a jewelled ring mail for 288 gold pieces
 23101 | Orc:4    | Identified the +4 ring mail "Jaunt" {rC+++ Int+6 Dex-5} (You bought it in a shop on level 4 of the Orcish Mines)
 23341 | Orc:3    | Bought a twisted scale mail for 207 gold pieces
 23341 | Orc:3    | Bought a twisted scale mail for 207 gold pieces
 23351 | Orc:3    | Identified the cursed +1 scale mail "Rariaf" {rElec rN+ MR+ Dex+3} (You bought it in a shop on level 3 of the Orcish Mines)
 23362 | Orc:3    | Identified the +3 scale mail "Pubbuxt" {rN+ MR+} (You bought it in a shop on level 3 of the Orcish Mines)
 23783 | D:11     | Noticed Erica
 23790 | D:11     | Killed Erica
 23790 | D:11     | Reached skill level 1 in Invocations
 25958 | D:13     | Found a gate to the Vaults.
 25962 | D:13     | Reached skill level 18 in Axes
 26073 | D:13     | Identified a scroll of acquirement
 26075 | D:13     | Got an iridescent war axe
 26076 | D:13     | Identified the +3 war axe "With Two Names" {flame, MP+9 Str+5 Stlth+} (You acquired it on level 13 of the Dungeon)
 26337 | D:14     | Reached skill level 5 in Invocations
 26685 | D:14     | Found Sapreokh's Armour Shoppe.
 26691 | D:14     | Bought a +2 pair of gloves of strength for 322 gold pieces
 26691 | D:14     | Bought a +0 helmet of see invisible for 172 gold pieces
 27378 | D:15     | Entered Level 15 of the Dungeon
 27438 | D:15     | Found Ucugor's Weapon Shop.
 27460 | D:15     | Found a staircase to the Depths.
 27631 | D:15     | Learned a level 2 spell: Blink
 27634 | D:15     | Learned a level 2 spell: Repel Missiles
 27641 | D:15     | Learned a level 3 spell: Regeneration
 27651 | D:15     | Found a shadowy altar of Dithmenos.
 28417 | D:15     | Reached XP level 17. HP: 161/161 MP: 22/22
 29081 | Snake:1  | Entered Level 1 of the Snake Pit
 29177 | Snake:1  | Got a shimmering ring mail
 29203 | Snake:1  | Noticed Roxanne
 29525 | Snake:1  | Noticed Kirke
 29674 | Snake:1  | Noticed Aizul
 29689 | Snake:1  | Killed Aizul
 30182 | Snake:1  | Killed Kirke
 30250 | Snake:1  | Noticed Josephine
 30278 | Snake:1  | Killed Josephine
 30304 | Snake:1  | Killed Roxanne
 30565 | Snake:2  | Reached skill level 19 in Axes
 30767 | Snake:2  | Noticed Vashnia
 31514 | Snake:2  | Killed Vashnia
 31908 | Snake:2  | Learned a level 1 spell: Summon Butterflies
 32571 | Snake:3  | Reached skill level 10 in Invocations
 33246 | Snake:3  | Noticed Wiglaf
 33260 | Snake:3  | Killed Wiglaf
 33260 | Snake:3  | Reached XP level 18. HP: 157/172 MP: 25/25
 34657 | Snake:4  | Entered Level 4 of the Snake Pit
 34805 | Snake:4  | Reached skill level 20 in Axes
 35106 | Snake:4  | Reached skill level 1 in Charms
 35908 | Snake:4  | Reached skill level 1 in Spellcasting
 36292 | Snake:4  | Reached XP level 19. HP: 170/181 MP: 27/27
 36536 | Snake:4  | Reached skill level 5 in Charms
 36996 | Snake:4  | Got a serpentine rune of Zot
 37502 | Lair:1   | Identified the cursed +0 ring mail "Pija" {*Drain rN+++ Int+4} (You found it on level 1 of the Snake Pit)
 37903 | Depths:1 | Entered Level 1 of the Depths
 38668 | Depths:1 | Reached skill level 5 in Spellcasting
 38692 | Depths:1 | Found a gateway to Hell.
 38993 | Depths:1 | Found a corrupted altar of Lugonu.
 38993 | Depths:1 | Found a one-way gate to the infinite horrors of the Abyss.
 41145 | Shoals:1 | Entered Level 1 of the Shoals
 41331 | Shoals:1 | Reached XP level 20. HP: 189/189 MP: 29/29
 41536 | Shoals:1 | Reached skill level 10 in Charms
 42413 | Shoals:2 | Noticed Nikola
 42426 | Shoals:1 | Killed Nikola
 43139 | Shoals:2 | Got a warped scale mail
 43157 | Shoals:2 | Identified the cursed +0 scale mail of Leaves {rN+ Int+2} (You found it on level 2 of the Shoals)
 43719 | Shoals:2 | Gained mutation: You have a somewhat thin skeletal structure (Dex +2, Stealth). [potion of beneficial mutation]
 43800 | Shoals:2 | Got a jewelled chain mail
 45461 | Shoals:4 | Entered Level 4 of the Shoals
 45659 | Shoals:4 | Reached skill level 21 in Axes
 46664 | Shoals:4 | Reached skill level 15 in Armour
 46691 | Shoals:4 | Noticed Ilsuiw
 47028 | Shoals:4 | Reached XP level 21. HP: 198/200 MP: 30/30
 47208 | Shoals:4 | Got a barnacled rune of Zot
 47393 | Shoals:3 | Killed Ilsuiw
 47796 | Lair:1   | Identified the +8 chain mail of Juanorergh {-Tele rN+ Dex+3 SInv} (You took it off a merfolk impaler on level 2 of the Shoals)
 48044 | Orc:4    | Bought a scroll of teleportation for 48 gold pieces
 48793 | Depths:2 | Paralysed by a great orb of eyes for 5 turns
 49423 | Depths:2 | Found Ivijeeph's Serpentskin Sales.
 50260 | Depths:2 | Noticed a golden dragon
 50273 | Depths:2 | Killed a golden dragon
 50603 | Depths:2 | Reached skill level 22 in Axes
 50932 | Depths:2 | Got a transparent ruby amulet
 51025 | Depths:2 | Noticed a golden dragon
 51025 | Depths:2 | an acid blob changed into a golden dragon
 51028 | Depths:2 | a golden dragon changed into an acid blob
 51323 | Depths:3 | Reached skill level 1 in Maces & Flails
 51410 | Depths:3 | Reached XP level 22. HP: 136/211 MP: 19/31
 51471 | Depths:3 | Identified the amulet "Zyal" {+Rage MR+} (You took it off a frost giant on level 2 of the Depths)
 51506 | Depths:3 | Noticed a juggernaut
 51534 | Depths:3 | Killed a juggernaut
 52978 | Depths:3 | Reached skill level 5 in Maces & Flails
 53576 | Lair:1   | Learned a level 9 spell: Fire Storm
 53799 | Elf:1    | Entered Level 1 of the Elven Halls
 54033 | Elf:1    | Got a spiked buckler
 54044 | Elf:1    | Identified the cursed +0 buckler "Datisad" {rN+} (You found it on level 1 of the Elven Halls)
 54336 | Elf:1    | Identified Zuapauga's Collected Works on Companions
 54575 | Elf:1    | Noticed Frances
 54585 | Elf:1    | Killed Frances
 54992 | Elf:2    | Found a huge runed gate.
 54992 | Elf:2    | Found a huge runed gate.
 54993 | Elf:2    | Found a huge runed gate.
 55002 | Elf:2    | Found a huge runed gate.
 55005 | Elf:2    | Found a huge runed gate.
 55838 | Elf:3    | Entered Level 3 of the Elven Halls
 56361 | Elf:3    | Reached XP level 23. HP: 191/221 MP: 32/32
 56685 | Elf:3    | Cast into the Abyss (a deep elf demonologist)
 57098 | Elf:3    | Escaped the Abyss
 57652 | Elf:3    | Got a pitted lapis lazuli ring
 58180 | Elf:3    | Identified the ring of Xom's Outrage {SustAt rPois MR+ Int-3} (You took it off a deep elf summoner on level 3 of the Elven Halls)
 59539 | Vaults:1 | Entered Level 1 of the Vaults
 60240 | Vaults:1 | Reached skill level 10 in Maces & Flails
 60815 | Vaults:2 | Reached XP level 24. HP: 155/231 MP: 32/32
 61130 | Vaults:2 | Noticed Mennas
 61191 | Vaults:2 | Killed Mennas
 61622 | Vaults:2 | Found a staircase to the Crypt.
 61799 | Vaults:2 | Found Hearuoxy's Gadget Shoppe.
 62739 | Vaults:3 | Reached skill level 15 in Dodging
 62846 | Vaults:3 | Found a burning altar of Makhleb.
 63052 | Vaults:3 | Got an ichor-stained scale mail
 63063 | Vaults:3 | Identified the cursed +0 scale mail "Entiodiwk" {rF+} (You found it on level 3 of the Vaults)
 63151 | Vaults:3 | Noticed Arkorax's ghost (veteran DDGl)
 63183 | Vaults:3 | Killed Arkorax's ghost
 64091 | Vaults:4 | Reached XP level 25. HP: 219/238 MP: 32/32
 65079 | Vaults:5 | Entered Level 5 of the Vaults
 65113 | Vaults:4 | Reached skill level 15 in Maces & Flails
 67824 | Vaults:5 | Reached XP level 26. HP: 210/246 MP: 32/32
 68054 | Vaults:5 | Identified the Guide on the Blaze and Arcane Weapons (You found it on level 5 of the Vaults)
 68530 | Vaults:5 | Got a silver rune of Zot
 68600 | Vaults:5 | Identified the Handbook of Conjuration and Weightlessness (You found it on level 5 of the Vaults)
 68624 | Vaults:5 | Learned a level 7 spell: Delayed Fireball
 68641 | Vaults:5 | Learned a level 6 spell: Bolt of Fire
 68650 | Vaults:5 | Learned a level 5 spell: Fireball
 71099 | Depths:4 | Found a gateway to a ziggurat.
 71220 | Depths:5 | Entered Level 5 of the Depths
 71588 | Depths:5 | Noticed Jorgrun
 71637 | Depths:5 | Killed Jorgrun
 72119 | Depths:5 | Reached XP level 27. HP: 248/254 MP: 32/32
 72553 | Depths:5 | Noticed a juggernaut
 72563 | Depths:5 | Killed a juggernaut
 72854 | Depths:5 | Found a gate to the Realm of Zot.
 73756 | Slime:1  | Entered Level 1 of the Pits of Slime
 73783 | Slime:1  | Found a viscous altar of Jiyva.
 73803 | Slime:1  | Reached skill level 1 in Fire Magic
 73882 | Slime:2  | Gained mutation: You are frail (-10% HP). [a shining eye]
 74769 | Slime:5  | Noticed Adamkad1's ghost (master FoFi)
 74805 | Slime:4  | Gained mutation: Your body often deteriorates upon taking damage. [a shining eye]
 74862 | Slime:4  | Gained mutation: Your natural rate of healing is unusually fast. [a shining eye]
 74862 | Slime:4  | Gained mutation: You are weak. (Str -2) [a shining eye]
 74864 | Slime:4  | Gained mutation: You are very frail (-20% HP). [a shining eye]
 74931 | Slime:6  | Entered Level 6 of the Pits of Slime
 75314 | Slime:6  | Found a viscous altar of Jiyva.
 75316 | Slime:6  | Noticed the royal jelly
 75327 | Slime:6  | Killed the royal jelly
 75765 | Slime:6  | Gained mutation: You expend magic power (3 MP) to strengthen your wands. [a shining eye]
 75771 | Slime:6  | Gained mutation: Armour fits poorly on your strangely shaped body. [a shining eye]
 75811 | Slime:6  | Lost mutation: Your body often deteriorates upon taking damage. [potion of cure mutation]
 75811 | Slime:6  | Lost mutation: You are very frail (-20% HP). [potion of cure mutation]
 75811 | Slime:6  | Lost mutation: You are weak. (Str -2) [potion of cure mutation]
 75811 | Slime:6  | Lost mutation: You can spit weak poison. [potion of cure mutation]
 75848 | Slime:6  | Identified the Collected Works on Cankerous Good Luck (You found it on level 6 of the Pits of Slime)
 75905 | Slime:6  | Reached skill level 5 in Fire Magic
 75982 | Slime:6  | Got a slimy rune of Zot
 76500 | Lair:1   | Identified a +5 rod of the swarm (14/14) (You found it on level 6 of the Pits of Slime)
 77108 | Orc:4    | Bought a manual of Armour for 1324 gold pieces
 77724 | Zot:1    | Entered Level 1 of the Realm of Zot
 77965 | Zot:1    | Noticed an orb of fire
 77973 | Zot:1    | Gained mutation: Your spells are a little easier to cast, but a little less powerful. [an orb of fire]
 77976 | Zot:1    | Killed an orb of fire
 80296 | Zot:3    | You fall through a shaft!
 80310 | Zot:4    | Noticed an orb of fire
 80322 | Zot:4    | Gained mutation: You are weak. (Str -2) [an orb of fire]
 80333 | Zot:4    | Gained mutation: You tend to lose your temper in combat. [an orb of fire]
 80337 | Zot:4    | Gained mutation: You are very weak. (Str -4) [an orb of fire]
 80343 | Zot:4    | HP: 11/228 [orb of fire/bolt of fire (45)]
 80344 | Zot:4    | HP: 5/228 [burnt (6)]
 80347 | Zot:4    | HP: 2/228 [burnt (14)]
 80693 | Zot:3    | Gained mutation: You are covered in fur (AC +1). [potion of beneficial mutation]
 81030 | Zot:3    | Found a huge runed gate.
 81030 | Zot:3    | Found a huge runed gate.
 81045 | Zot:3    | Found a huge runed gate.
 81045 | Zot:3    | Found a huge runed gate.
 81046 | Zot:3    | Found a huge runed gate.
 81048 | Zot:3    | Found a huge runed gate.
 81048 | Zot:3    | Found a huge runed gate.
 81049 | Zot:3    | Found a huge runed gate.
 81049 | Zot:3    | Found a huge runed gate.
 81049 | Zot:3    | Found a huge runed gate.
 81049 | Zot:3    | Found a huge runed gate.
 81049 | Zot:3    | Found a huge runed gate.
 81056 | Zot:3    | Found a huge runed gate.
 81056 | Zot:3    | Found a huge runed gate.
 81056 | Zot:3    | Found a huge runed gate.
 81056 | Zot:3    | Found a huge runed gate.
 81056 | Zot:3    | Found a huge runed gate.
 81056 | Zot:3    | Found a huge runed gate.
 81056 | Zot:3    | Found a huge runed gate.
 81070 | Zot:3    | Found a huge runed gate.
 81070 | Zot:3    | Found a huge runed gate.
 81092 | Zot:3    | Noticed an ancient lich
 81092 | Zot:3    | Noticed an orb of fire
 81092 | Zot:3    | Noticed an ancient lich
 81092 | Zot:3    | Noticed an ancient lich
 81247 | Zot:3    | Gained mutation: You are very frail (-20% HP). [an orb of fire]
 81264 | Zot:3    | Killed an orb of fire
 81564 | Zot:3    | Killed an ancient lich
 82183 | Zot:3    | Killed an ancient lich
 82198 | Zot:3    | Killed an ancient lich
 82772 | Zot:4    | Reached skill level 23 in Armour
 82901 | Zot:4    | Gained mutation: Your body often deteriorates upon taking damage. [an orb of fire]
 82911 | Zot:4    | Gained mutation: Your magical capacity is low (-10% MP). [an orb of fire]
 82916 | Zot:4    | Killed an orb of fire
 84633 | Zot:5    | Entered Level 5 of the Realm of Zot
 85280 | Zot:5    | Noticed an orb of fire
 85285 | Zot:5    | Gained mutation: You are clumsy. (Dex -2) [an orb of fire]
 85294 | Zot:5    | Gained mutation: Your magical capacity is very low (-20% MP). [an orb of fire]
 85299 | Zot:5    | Killed an orb of fire
 85438 | Zot:5    | Noticed an ancient lich
 85439 | Zot:5    | Noticed an orb of fire
 85439 | Zot:5    | Lost mutation: Your body often deteriorates upon taking damage. [an orb of fire]
 85449 | Zot:5    | Killed an ancient lich
 85464 | Zot:5    | Killed an orb of fire
 85464 | Zot:5    | Reached skill level 24 in Armour
 85642 | Zot:5    | Noticed an ancient lich
 85683 | Zot:5    | Killed an ancient lich
 85972 | Zot:5    | Noticed an ancient lich
 85982 | Zot:5    | Killed an ancient lich
 86282 | Zot:5    | Noticed an orb of fire
 86289 | Zot:5    | Gained mutation: Your spells are easier to cast, but less powerful. [an orb of fire]
 86292 | Zot:5    | Gained mutation: You are extremely frail (-30% HP). [an orb of fire]
 86312 | Zot:5    | Killed an orb of fire
 86316 | Zot:5    | Got the Orb of Zot
 86382 | Zot:5    | Noticed an orb of fire
 86402 | Zot:5    | Killed an orb of fire
 86653 | Depths:5 | Noticed Pydusoso the pandemonium lord
 86664 | Depths:5 | Killed Pydusoso the pandemonium lord
 86810 | D:15     | Noticed Xioptano the pandemonium lord
 86810 | D:15     | Noticed an ancient lich
 86847 | D:14     | Killed Xioptano the pandemonium lord
 86894 | D:13     | Noticed Qill the pandemonium lord
 86987 | D:7      | Noticed Miugoiru the pandemonium lord
 87133 | D:$      | Escaped with the Orb!

Vault maps used:
D:1:      minmay_arrival_nine_rooms, kennysheep_decorative_pillar, st_stairs_1,
          minmay_statues_item
D:2:      nicolae_qazlal_eye_of_the_storm, first_bread, minivault_26
D:3:      uniq_sigmund
D:4:      gup_sewer_entry_glass, serial_shops, kennysheep_mini_moat,
          nicolae_ossuary_entry_giza, uniq_eustachio
D:5:      uniq_prince_ribbit1, uniq_pikel, uniq_grinder
D:6:      kennysheep_housing_project, grunt_temple_overflow_holy_war,
          lemuel_round_altar, temple_green
D:7:      overflow_temple_1_default, old_standard_altar, serial_shops,
          nicolae_shop_stone, grunt_decor_mini_mirrors
D:8:      nicolae_ru_the_path_less_chosen, due_lair_maze_entry_diamond
D:9:      serial_shops, nicolae_shop_overgrown_old_shop
D:10:     erik_orc_2, grunt_ogre_cave, kennysheep_opposing_triangles, uniq_urug
D:11:     uniq_erica
D:13:     grunt_vaults_entry_tiered
D:14:     roderic_serpentine_path, serial_shops, shop,
          kennysheep_generic_room_14
D:15:     grunt_enter_depths_giant_problem, serial_shops, shop,
          nicolae_dithmenos_the_darkroom
Temple:   eino_narrow_crystal_temple_a_12
Lair:2:   serial_bayou_shore_b, lemuel_fruit_fields, uniq_gastronok
Lair:3:   minmay_shoals_entry_lonely_mermaid, infiniplex_staircase_pool_2
Lair:4:   special_room
Lair:6:   guppyfry_snake_entry_garden
Lair:7:   hibernation_bobbens, lemuel_fruit_tree, bh_autumn_forest_stairs
Lair:8:   hangedman_lair_in_review, hangedman_lair_caniforms_friends,
          slime_altar_1
Shoals:1: nicolae_shoals_loop_pool
Shoals:2: nicolae_shoals_island_circles, uniq_nikola
Shoals:4: shoals_end_grunt_garden, shoals_ilsuiw_alternative, uniq_ilsuiw
Snake:1:  uniq_aizul, uniq_roxanne, uniq_josephine, uniq_kirke
Snake:2:  st_stairs_9, uniq_vashnia
Snake:3:  serial_bayou_ford_a, uniq_wiglaf
Snake:4:  grunt_snake_rune_pools
Slime:1:  basic_altar
Slime:3:  nicolae_slime_welcoming_committee
Orc:1:    david_defended_altar_orc
Orc:2:    basic_altar
Orc:3:    serial_shops, shop, nicolae_orc_pool_cavern, mines2_david
Orc:4:    pf_orc_diabolical, serial_shops, shop, bloody_makhleb
Elf:1:    elf_arrival_001, minmay_elf_demonology, uniq_frances
Elf:2:    minmay_strange_pillars
Elf:3:    minmay_elf_hall
Vaults:1: v_alt_pattern_3, v_misc_13, v_misc_5, ontoclasm_vaults_hangar,
          nicolae_vaults_circle_grid_b, grunt_vaults_hallway_long,
          vaults_dpeg_doors, nicolae_vaults_puzzle_piece,
          vaults_dpeg_encased_lava, nicolae_vaults_little_squares_3,
          vaults_mumra_chevron_long, vaults_dpeg_ring,
          hangedman_vaults_restitches, v_pattern_1, nicolae_vaults_little_ls,
          vaults_dpeg_hooks
Vaults:2: ontoclasm_vaults_decontamination, minmay_crypt_entry_simple_box,
          ontoclasm_vaults_loading_screen, st_star, v_rooms_6,
          nicolae_vaults_theta, v_rooms_5, vaults_room_large_hall,
          vaults_mumra_chevron, v_misc_3, nicolae_vaults_alarming,
          ontoclasm_vaults_spin, nicolae_vaults_mini_display_case,
          vaults_room_fancy_cross, serial_shops, shop, uniq_mennas
Vaults:3: nicolae_vaults_little_squares_6, nicolae_vaults_asterisk, v_rooms_5,
          nicolae_vaults_yaktaur_gun_rack, vaults_room_octagon,
          hangedman_vaults_maws, nicolae_vaults_ninety_degrees,
          hangedman_vaults_impose, v_misc_8, vaults_room_pools, basic_altar
Vaults:4: grunt_vaults_hallway_long, serial_ice_m,
          nicolae_vaults_three_branches, nicolae_vaults_what_the_h,
          v_alt_pattern_6, vaults_room_pools, vaults_room_pool,
          vaults_dpeg_diagonal, vaults_room_hallway
Vaults:5: serial_shops
Depths:1: pf_coc_iceberg, abyss_entry_flame_altar, minmay_misc_feat_x,
          rand_demon_pan_entry_4, lightli_minifort, serial_bayou_shore_b
Depths:2: vault_1, hell_entry, minmay_misc_feat_tiny, serial_bayou_pond_b,
          guppyfry_shop_venom
Depths:3: kennysheep_four_of_diamonds, hell_entry, grunt_pan_entry_spiral
Depths:4: evilmike_pillar_path, enter_ziggurat_f, dk_noncrumbling_2,
          abyss_entry_small_statue_room, hell_entry, grunt_ministairs_1
Depths:5: grunt_runaround, hell_entry, serial_shops, abyss_entry, uniq_jorgrun
Zot:1:    grunt_ministairs_5
Zot:3:    door_vault
Zot:4:    circus_mu, lemuel_lake_of_fire
Zot:5:    nicolae_zot_crop_circle
Ossuary:  ossuary_due_small_catacomb

Action                   |  1- 3 |  4- 6 |  7- 9 | 10-12 | 13-15 | 16-18 | 19-21 | 22-24 | 25-27 || total
-------------------------+-------+-------+-------+-------+-------+-------+-------+-------+-------++-------
Melee: War axe           |    50 |       |       |       |       |  1269 |  1810 |   311 |       ||  3440
       Whip              |    67 |   156 |   392 |   530 |       |       |       |       |       ||  1145
       Broad axe         |       |       |       |   185 |  1264 |   266 |       |       |   160 ||  1875
       Unarmed           |       |       |       |       |       |     2 |       |       |       ||     2
       Demon whip        |       |       |       |       |       |       |    51 |  2040 |  3674 ||  5765
 Cast: Repel Missiles    |       |       |       |       |       |       |    14 |     7 |     5 ||    26
       Summon Butterflie |       |       |       |       |       |       |     2 |       |       ||     2
       Regeneration      |       |       |       |       |       |       |       |     8 |     2 ||    10
Invok: Bend Time         |       |       |       |       |     1 |     2 |     1 |       |     2 ||     6
       Temporal Distorti |       |       |       |       |       |       |    13 |       |     3 ||    16
       Step From Time    |       |       |       |       |       |       |     1 |     1 |     5 ||     7
       Slouch            |       |       |       |       |       |       |     2 |     1 |     3 ||     6
 Abil: Evoke Berserk Rag |       |       |     1 |       |       |       |       |       |       ||     1
       Evoke Flight      |       |       |       |       |       |       |     5 |       |       ||     5
       Spit Poison       |       |       |       |       |       |       |     3 |       |       ||     3
Evoke: Wand              |       |       |       |     2 |       |       |    21 |       |    20 ||    43
       Rod               |       |       |       |       |       |       |       |       |     1 ||     1
  Use: Potion            |       |     1 |     2 |     2 |     1 |     1 |     5 |     5 |    14 ||    31
       Scroll            |       |     2 |    20 |     5 |    18 |    15 |    21 |    21 |    30 ||   132
 Stab: Invisible         |       |       |     2 |       |     1 |       |    15 |       |     5 ||    23
       Sleeping          |       |       |       |     1 |       |     1 |       |       |       ||     2
       Distracted        |       |       |       |       |       |     2 |     3 |       |       ||     5
  Eat: Chunk             |     1 |     6 |    11 |    10 |    21 |    21 |    23 |    14 |     7 ||   114
       Fruit             |       |       |       |     2 |       |     1 |       |     4 |    19 ||    26
       Pizza             |       |       |       |       |       |     5 |       |     5 |     3 ||    13
       Bread ration      |       |       |       |       |       |       |     3 |       |    15 ||    18
       Meat ration       |       |       |       |       |       |       |       |     1 |     4 ||     5
       Beef jerky        |       |       |       |       |       |       |       |       |     7 ||     7
       Royal jelly       |       |       |       |       |       |       |       |       |     2 ||     2
